 Dungeon Sprint DCSS version 0.17.1-1-g73c8601 (webtiles) character file.

14440 Ponchio the Sorcerer (level 11, -9/54 HPs)
             Began as a Deep Elf Fire Elementalist on Dec 16, 2015.
             Was the Champion of Vehumet.
             Killed from afar by a deep elf high priest (31 damage)
             ... with a burst of hellfire
             ... in the Dungeon (Sprint V: "Ziggurat Sprint").
             The game lasted 00:44:20 (2060 turns).

Ponchio the Sorcerer (Deep Elf Fire Elementalist)   Turns: 2060, Time: 00:44:20

Health: -9/54      AC:  8    Str:  8    XL:     11   Next: 88%
Magic:  8/35       EV: 17    Int: 30    God:    Vehumet [******]
Gold:   0          SH:  0    Dex: 15    Spells: 4 memorised, 33 levels left

rFire  + . .     SeeInvis +     I - +6 Majin-Bo {vamp, Archmagi MP+6 Int+6}
rCold  + . .     Clarity  .     R - +1 robe {rF+}
rNeg   + . .     SustAt   .     (shield currently unavailable)
rPois  +         Gourm    .     (no helmet)
rElec  +         Spirit   .     T - +2 cloak of Starlight {rElec rC+ EV+4 Stlth--}
rCorr  .         Warding  +     O - +1 pair of gloves {Str+3}
rMut   .         NoTele   +     (no boots)
MR     +++..                    W - amulet of warding
Stlth  ..........               (no ring)
                                m - ring of Trepidation {rPois MR++ MP-9 SInv}

@: very slightly contaminated, hasted, studying Axes, deflect missiles, very
quick, extremely resistant to hostile enchantments, extremely unstealthy
A: no striking features
a: Renounce Religion


You were in the Dungeon.
You worshipped Vehumet.
Vehumet was exalted by your worship.
You were not hungry.

You visited 1 branch

Inventory:

Hand Weapons
 I - the +6 Majin-Bo (weapon) {vamp, Archmagi MP+6 Int+6}
   (You found it in the Dungeon)

   It inflicts no extra harm, but heals its wielder somewhat when it strikes a
   living foe.
   It affects your intelligence (+6).
   It affects your magic capacity (+6).
Armour
 a - a +0 robe
 J - the +15 Maxwell's patent armour {-Cast -Tele rElec MR+ rCorr}
   (You found it in the Dungeon)

   It insulates you from electricity.
   It affects your resistance to hostile enchantments.
   It prevents spellcasting.
   It prevents most forms of teleportation.
   It protects you from acid and corrosion.
 O - a +1 pair of gloves of strength (worn)
 R - a +1 robe of fire resistance (worn)
 T - the +2 cloak of Starlight (worn) {rElec rC+ EV+4 Stlth--}
   (You found it in the Dungeon)

   It affects your evasion (+4).
   It protects you from cold.
   It insulates you from electricity.
   It makes you much less stealthy.
Jewellery
 m - the ring of Trepidation (left hand) {rPois MR++ MP-9 SInv}
   (You found it in the Dungeon)

   [ring of see invisible]

   It protects you from poison.
   It affects your resistance to hostile enchantments.
   It affects your magic capacity (-9).
   It lets you see invisible.
 y - a +6 ring of dexterity
 z - a +6 ring of dexterity
 A - a +6 ring of intelligence
 B - a +6 ring of intelligence
 C - a +6 ring of strength
 D - a +6 ring of strength
 K - the ring "Hialairr" {Fire *Confuse +Blink Int+4}
   (You found it in the Dungeon)

   [ring of fire]

   It enhances your fire magic, and weakens your ice magic.
   It affects your intelligence (+4).
   It protects you from fire.
   It makes you vulnerable to cold.
   It lets you blink.
   It may confuse you when you take damage.
 Q - the ring of the Trout {-Tele rF+ EV+3 SInv Stlth+}
   (You found it in the Dungeon)

   [ring of evasion]

   It affects your evasion (+3).
   It protects you from fire.
   It lets you see invisible.
   It prevents most forms of teleportation.
   It makes you more stealthy.
 W - an amulet of warding (around neck)
Wands
 E - a wand of disintegration (2)
 F - a wand of fire (3)
 G - a wand of cold (3)
 H - a wand of draining (5)
Scrolls
 i - 3 scrolls of blinking
 p - 4 scrolls of amnesia
 q - 3 scrolls of recharging
 r - 7 scrolls of fog
 s - a scroll of holy word
 t - 5 scrolls of identify
 u - 5 scrolls of remove curse
 v - 2 scrolls of fear
Potions
 d - 10 potions of curing
 e - 7 potions of heal wounds
 f - 2 potions of haste
 g - 7 potions of magic
 h - 3 potions of berserk rage
 j - 2 potions of brilliance
 k - 2 potions of invisibility
 l - 4 potions of resistance
 n - 8 potions of agility
 o - 5 potions of might
Books
 b - a book of Flames

   Spells                             Type                      Level
   a - Flame Tongue                   Conjuration/Fire             1
   b - Throw Flame                    Conjuration/Fire             2
   c - Conjure Flame                  Conjuration/Fire             3
   d - Inner Flame                    Hexes/Fire                   3
   e - Sticky Flame                   Conjuration/Fire             4
   f - Fireball                       Conjuration/Fire             5
 L - a book of the Warp

   Spells                             Type                      Level
   a - Recall                         Summoning/Translocation      3
   b - Gell's Gravitas                Hexes/Translocation          3
   c - Force Lance                    Conjuration/Translocation    4
   d - Phase Shift                    Translocation                5
   e - Warp Weapon                    Charms/Translocation         5
   f - Summon Forest                  Summoning/Translocation      5
 M - Igaofosm's Guide on Displaced Transmigration
   (You found it in the Dungeon)

   Spells                             Type                      Level
   a - Sticks to Snakes               Transmutation                2
   b - Portal Projectile              Translocation                3
   c - Force Lance                    Conjuration/Translocation    4
   d - Blade Hands                    Transmutation                5
   e - Statue Form                    Transmutation/Earth          6
 N - a Grand Grimoire

   Spells                             Type                      Level
   a - Monstrous Menagerie            Summoning                    6
   b - Summon Greater Demon           Summoning                    7
   c - Malign Gateway                 Summoning/Translocation      7
   d - Summon Horrible Things         Summoning                    8
 P - a manual of Axes
 S - a book of the Sky

   Spells                             Type                      Level
   a - Summon Lightning Spire         Summoning/Air                4
   b - Airstrike                      Air                          4
   c - Silence                        Hexes/Air                    5
   d - Deflect Missiles               Charms/Air                   6
   e - Conjure Ball Lightning         Conjuration/Air              6
   f - Tornado                        Air                          9
 U - Hyff's Disquisition on Lethal Lightness
   (You found it in the Dungeon)

   Spells                             Type                      Level
   a - Silence                        Hexes/Air                    5
   b - Conjure Ball Lightning         Conjuration/Air              6
   c - Poisonous Cloud                Conjuration/Poison/Air       6
 V - a book of Debilitation

   Spells                             Type                      Level
   a - Corona                         Hexes                        1
   b - Slow                           Hexes                        2
   c - Gell's Gravitas                Hexes/Translocation          3
   d - Inner Flame                    Hexes/Fire                   3
   e - Cause Fear                     Hexes                        4
   f - Leda's Liquefaction            Hexes/Earth                  4
 X - a Necronomicon

   Spells                             Type                      Level
   a - Haunt                          Necromancy/Summoning         7
   b - Borgnjor's Revivification      Necromancy                   8
   c - Death's Door                   Charms/Necromancy            8
   d - Necromutation                  Transmutation/Necromancy     8
 Y - a book of Callings

   Spells                             Type                      Level
   a - Summon Small Mammal            Summoning                    1
   b - Call Imp                       Summoning                    2
   c - Call Canine Familiar           Summoning                    3
   d - Summon Guardian Golem          Hexes/Summoning              3
   e - Summon Lightning Spire         Summoning/Air                4
   f - Summon Ice Beast               Ice/Summoning                4
Comestibles
 c - 5 bread rations
 w - 30 fruits
 x - 4 meat rations


   Skills:
 - Level 2.4 Dodging
 - Level 2.4 Stealth
 - Level 21.8 Spellcasting
 - Level 12.3 Conjurations
 + Level 13.9 Charms
 + Level 15.6 Necromancy
 - Level 10.1 Fire Magic
 - Level 6.8 Air Magic
 - Level 8.0 Evocations


You had 33 spell levels left.
You knew the following spells:

 Your Spells              Type           Power        Failure   Level  Hunger
a - Flame Tongue          Conj/Fire      #####        0%          1    None
b - Fireball              Conj/Fire      ########..   1%          5    None
c - Deflect Missiles      Chrm/Air       #######...   2%          6    None
d - Death's Door          Chrm/Necr      ########..   17%         8    ####...


Dungeon Overview and Level Annotations

Branches:
Dungeon (1/1)

Altars:
Ashenzari
Cheibriados
Dithmenos
Elyvilon
Fedhas
Gozag
Kikubaaqudgha
Makhleb
Nemelex Xobeh
Okawaru
Qazlal
Ru
Sif Muna
Trog
Vehumet
Xom
Yredelemnul
Zin
The Shining One
Beogh
Jiyva
Lugonu


Message History

The orc sorcerer points at you and mumbles some strange words.
You resist with almost no effort.
Drink which item? (? for menu, Esc to quit)
You feel much better.
Casting: Fireball
Confirm with . or Enter, or press ? or * to list all spells.
Aiming: Fireball
Press: ? - help, Shift-Dir - straight line, f - deep elf conjurer
Aim: a deep elf conjurer, wielding a short sword You feel a surge of power!
The fireball explodes!
The fireball engulfs the deep elf conjurer.
The deep elf conjurer is heavily wounded.
The fireball engulfs the deep elf knight.
The deep elf knight is moderately wounded.
The fireball engulfs the orc sorcerer.
The orc sorcerer resists.
The orc sorcerer is heavily wounded.
The deep elf high priest mumbles some strange prayers to its god against you.
The hellfire explodes!
The burst of hellfire engulfs you!
Ouch! That really hurt!
You die...

▓.▓....▓.▓.
▓...=}})))..▓........▓.
▓.....G.....▓▓▓▓▓▓▓▓▓▓▓
▓..e..).....▓...8©8...▓
...ee)eo...▓..[.()...▓
...)§.... ▓...[}[...▓
▓§.e..▓ ▓....p....▓
▓▓.§.▓▓ ▓..pCp....▓
▓..▓..@..▓..▓...G.....▓
▓...........▓...p.....▓
▓▓▓▓▓▓▓▓▓▓▓▓▓.▓.....▓.▓
▓....8©8....▓....§....▓
▓..}.=}))=..▓▓▓▓▓▓▓▓▓▓▓
▓...=[)=)...▓...8©8...▓
▓.....÷.....▓..)=[?)..▓
▓.....÷.....▓...}=8...▓
▓.....÷÷....▓.....E...▓


You could see 2 deep elf knights, a deep elf high priest, a deep elf conjurer,
an orc sorcerer and a deep elf fighter.

Vanquished Creatures
  A deep elf sorcerer (D)
  A deep elf annihilator (D)
  A deep elf high priest (D)
  A great orb of eyes (D)
  A yaktaur captain (D)
  2 hydras (D)
  A thrashing horror (D)
  A deep elf knight (D)
  A giant orange brain (D)
  An oklob plant (D)
  A shining eye (D)
  A hornet (D)
  3 spiny frogs (D)
  A komodo dragon (D)
  A fire drake (D)
  6 slime creatures (D)
  2 blue devils (D)
  A blink frog (D)
  A steam dragon (D)
  A basilisk (D)
  2 deep elf magi (D)
  4 hippogriffs (D)
  A wolf (D)
  A water moccasin (D)
  A hell hound (D)
  2 ice beasts (D)
  2 porcupines (D)
  2 swamp drakes (D)
  A crocodile (D)
  5 centaurs (D)
  A giant frog (D)
  2 quasits (D)
  An orc wizard (D)
  4 jellies (D)
  An orc priest (D)
  An iguana (D)
  An iron imp (D)
  2 sheep (D)
  A river rat (D)
  2 shadow imps (D)
  2 giant eyeballs (D)
  5 oozes (D)
  An adder skeleton (D)
  2 orcs (D)
  A bat simulacrum (D)
  A jackal (D)
  A quokka simulacrum (D)
79 creatures vanquished.

Notes
Turn   | Place    | Note
--------------------------------------------------------------
     0 | D        | Ponchio the Deep Elf Fire Elementalist began the quest for the Orb.
     0 | D        | Reached XP level 1. HP: 10/10 MP: 6/6
     0 | D        | Found a roughly hewn altar of Beogh.
     0 | D        | Found a viscous altar of Jiyva.
     0 | D        | Found a corrupted altar of Lugonu.
     0 | D        | Found a white marble altar of Elyvilon.
     0 | D        | Found a sparkling altar of Nemelex Xobeh.
     1 | D        | Found a burning altar of Makhleb.
     1 | D        | Found an iron altar of Okawaru.
     1 | D        | Found a deep blue altar of Sif Muna.
     1 | D        | Found a radiant altar of Vehumet.
     1 | D        | Found a bloodstained altar of Trog.
     1 | D        | Found a shimmering altar of Xom.
    50 | D        | Became a worshipper of Vehumet
   101 | D        | Reached skill level 8 in Evocations
   101 | D        | Reached XP level 2. HP: 15/15 MP: 9/9
   115 | D        | Entered arena 1.
   117 | D        | Reached XP level 3. HP: 19/19 MP: 10/10
   206 | D        | Got the ring of Trepidation {rPois MR++ MP-9 SInv}
   209 | D        | Got the ring "Hialairr" {Fire *Confuse +Blink Int+4}
   215 | D        | Entered arena 2.
   215 | D        | Noticed an iron imp
   215 | D        | Noticed a thrashing horror
   219 | D        | Killed a thrashing horror
   219 | D        | Reached skill level 12 in Conjurations
   219 | D        | Reached XP level 4. HP: 12/24 MP: 9/12
   219 | D        | Reached XP level 5. HP: 14/28 MP: 10/13
   219 | D        | Reached XP level 6. HP: 16/32 MP: 11/14
   219 | D        | Reached XP level 7. HP: 18/36 MP: 12/15
   220 | D        | Reached * piety under Vehumet
   220 | D        | Offered knowledge of Freeze by Vehumet.
   221 | D        | Killed an iron imp
   221 | D        | Reached skill level 10 in Fire Magic
   344 | D        | Learned a level 5 spell: Fireball
   391 | D        | Entered arena 3.
   391 | D        | Noticed an orc wizard
   391 | D        | Noticed an orc priest
   392 | D        | Killed an orc priest
   392 | D        | Offered knowledge of Sandblast by Vehumet.
   392 | D        | Reached ** piety under Vehumet
   392 | D        | Killed an orc wizard
   392 | D        | Reached skill level 5 in Spellcasting
   478 | D        | Identified Igaofosm's Guide on Displaced Transmigration (You found it in the Dungeon)
   485 | D        | Entered arena 4.
   485 | D        | Noticed a swamp drake
   485 | D        | Noticed a fire drake
   485 | D        | Noticed a swamp drake
   485 | D        | Noticed a steam dragon
   487 | D        | Killed a fire drake
   488 | D        | Killed a steam dragon
   488 | D        | Reached *** piety under Vehumet
   488 | D        | Reached skill level 10 in Spellcasting
   488 | D        | Reached XP level 8. HP: 41/41 MP: 9/24
   488 | D        | Killed a swamp drake
   489 | D        | Killed a swamp drake
   606 | D        | Entered arena 5.
   606 | D        | Noticed a hell hound
   606 | D        | Noticed a quasit
   606 | D        | Noticed a quasit
   607 | D        | Killed a hell hound
   607 | D        | Offered knowledge of Mephitic Cloud by Vehumet.
   608 | D        | Reached **** piety under Vehumet
   609 | D        | Killed a quasit
   610 | D        | Killed a quasit
   610 | D        | Reached skill level 13 in Spellcasting
   619 | D        | Got the ring of the Trout {-Tele rF+ EV+3 SInv Stlth+}
   726 | D        | Entered arena 6.
   726 | D        | Noticed a blue devil
   726 | D        | Noticed an ice beast
   726 | D        | Noticed a blue devil
   726 | D        | Noticed an ice beast
   727 | D        | Killed a blue devil
   727 | D        | Reached ***** piety under Vehumet
   727 | D        | Reached skill level 14 in Spellcasting
   727 | D        | Killed an ice beast
   727 | D        | Killed an ice beast
   727 | D        | Killed a blue devil
   727 | D        | Reached skill level 15 in Spellcasting
   727 | D        | Reached XP level 9. HP: 45/45 MP: 24/30
   766 | D        | Learned a level 6 spell: Deflect Missiles
   770 | D        | Entered arena 7.
   770 | D        | Noticed a centaur
   770 | D        | Noticed a centaur
   770 | D        | Noticed a yaktaur captain
   770 | D        | Noticed a centaur
   770 | D        | Noticed a centaur
   770 | D        | Noticed a centaur
   771 | D        | Killed a centaur
   771 | D        | Offered knowledge of Ignite Poison by Vehumet.
   771 | D        | Reached skill level 1 in Air Magic
   771 | D        | Killed a centaur
   772 | D        | Killed a centaur
   772 | D        | Killed a centaur
   772 | D        | Reached skill level 5 in Charms
   773 | D        | Killed a yaktaur captain
   773 | D        | Reached ****** piety under Vehumet
   774 | D        | Killed a centaur
  1083 | D        | Entered arena 8.
  1083 | D        | Noticed an ironheart preserver
  1083 | D        | Noticed a vault warden
  1083 | D        | Noticed a hornet
  1083 | D        | Noticed a vault guard
  1083 | D        | Noticed a stone giant
  1083 | D        | Noticed a great orb of eyes
  1083 | D        | Noticed a vault guard
  1086 | D        | Killed a hornet
  1086 | D        | Offered knowledge of Iskenderun's Mystic Blast by Vehumet.
  1086 | D        | Reached skill level 16 in Spellcasting
  1092 | D        | Entered arena 9.
  1092 | D        | Noticed an earth elemental
  1092 | D        | Noticed a toenail golem
  1092 | D        | Noticed a toenail golem
  1092 | D        | Noticed an earth elemental
  1092 | D        | Noticed an earth elemental
  1092 | D        | Noticed an earth elemental
  1092 | D        | Noticed an earth elemental
  1092 | D        | Noticed a toenail golem
  1109 | D        | Entered arena 10.
  1109 | D        | Noticed a slime creature
  1109 | D        | Noticed a shining eye
  1109 | D        | Noticed a slime creature
  1109 | D        | Noticed a jelly
  1109 | D        | Noticed a slime creature
  1110 | D        | Killed a jelly
  1111 | D        | Killed a shining eye
  1111 | D        | Reached skill level 17 in Spellcasting
  1111 | D        | Reached XP level 10. HP: 44/50 MP: 9/33
  1112 | D        | Killed a slime creature
  1112 | D        | Killed a slime creature
  1112 | D        | Reached skill level 18 in Spellcasting
  1113 | D        | Killed a slime creature
  1147 | D        | Identified Hyff's Disquisition on Lethal Lightness (You found it in the Dungeon)
  1289 | D        | Entered arena 11.
  1289 | D        | Noticed a spiny frog
  1289 | D        | Noticed a five-headed hydra
  1289 | D        | Noticed a komodo dragon
  1289 | D        | Noticed a hippogriff
  1290 | D        | Noticed a porcupine
  1290 | D        | Noticed a seven-headed hydra
  1290 | D        | Noticed a porcupine
  1290 | D        | Killed a porcupine
  1290 | D        | Offered knowledge of Spellforged Servitor by Vehumet.
  1291 | D        | Noticed a spiny frog
  1291 | D        | Killed a hippogriff
  1292 | D        | Noticed a giant frog
  1292 | D        | Killed a komodo dragon
  1292 | D        | Reached skill level 19 in Spellcasting
  1292 | D        | Killed a seven-headed hydra
  1292 | D        | Reached skill level 20 in Spellcasting
  1292 | D        | Killed a five-headed hydra
  1292 | D        | Reached skill level 21 in Spellcasting
  1293 | D        | Killed a spiny frog
  1294 | D        | Killed a porcupine
  1294 | D        | Killed a giant frog
  1295 | D        | Killed a spiny frog
  1492 | D        | Learned a level 8 spell: Death's Door
  1493 | D        | Entered arena 12.
  1493 | D        | Noticed a giant orange brain
  1493 | D        | Noticed a slime creature
  1493 | D        | Noticed a jelly
  1495 | D        | Noticed a great orb of eyes
  1495 | D        | Noticed a slime creature
  1495 | D        | Noticed a jelly
  1495 | D        | Noticed a slime creature
  1495 | D        | Killed a giant orange brain
  1495 | D        | Offered knowledge of Bolt of Fire by Vehumet.
  1495 | D        | Reached skill level 5 in Necromancy
  1495 | D        | Killed a jelly
  1496 | D        | Noticed a jelly
  1496 | D        | Killed a jelly
  1497 | D        | Killed a slime creature
  1497 | D        | Reached XP level 11. HP: 37/54 MP: 24/38
  1498 | D        | Killed a slime creature
  1499 | D        | Killed a great orb of eyes
  1499 | D        | Killed a jelly
  1500 | D        | Killed a slime creature
  1500 | D        | Reached skill level 10 in Necromancy
  1705 | D        | Entered arena 13.
  1706 | D        | Noticed a wolf
  1706 | D        | Noticed a hippogriff
  1706 | D        | Noticed an iguana
  1706 | D        | Noticed a crocodile
  1707 | D        | Noticed a basilisk
  1707 | D        | Noticed a water moccasin
  1707 | D        | Noticed a hippogriff
  1707 | D        | Noticed a blink frog
  1707 | D        | Offered knowledge of Delayed Fireball by Vehumet.
  1708 | D        | Noticed a hippogriff
  1708 | D        | Killed a water moccasin
  1708 | D        | Killed a hippogriff
  1708 | D        | Killed a wolf
  1709 | D        | Noticed a spiny frog
  1709 | D        | Killed a basilisk
  1709 | D        | Killed a hippogriff
  1710 | D        | Killed a crocodile
  1710 | D        | Killed a blink frog
  1710 | D        | Killed an iguana
  1711 | D        | Killed a hippogriff
  1712 | D        | Killed a spiny frog
  1713 | D        | Noticed an oklob plant
  1882 | D        | Killed an oklob plant
  2050 | D        | Entered arena 14.
  2051 | D        | Noticed a deep elf knight
  2051 | D        | Noticed a deep elf high priest
  2051 | D        | Noticed a deep elf sorcerer
  2051 | D        | Noticed a deep elf conjurer
  2051 | D        | Noticed a deep elf annihilator
  2051 | D        | Noticed a deep elf fighter
  2052 | D        | Noticed a deep elf knight
  2053 | D        | Noticed a deep elf mage
  2053 | D        | Noticed an orc sorcerer
  2054 | D        | Noticed a deep elf mage
  2055 | D        | Noticed a deep elf knight
  2055 | D        | Noticed a deep elf high priest
  2055 | D        | Killed a deep elf annihilator
  2055 | D        | Offered knowledge of Bolt of Magma by Vehumet.
  2055 | D        | Reached skill level 10 in Charms
  2056 | D        | Noticed a soul eater
  2056 | D        | Noticed an eye of draining
  2056 | D        | Killed a deep elf mage
  2057 | D        | Killed a deep elf high priest
  2057 | D        | Killed a deep elf knight
  2058 | D        | Killed a deep elf sorcerer
  2058 | D        | Reached skill level 15 in Necromancy
  2058 | D        | Killed a deep elf mage
  2060 | D        | Killed from afar by a deep elf high priest

Action                   |  1- 3 |  4- 6 |  7- 9 | 10-12 || total
-------------------------+-------+-------+-------+-------++-------
 Cast: Fireball          |       |       |    17 |    31 ||    48
       Deflect Missiles  |       |       |     1 |     1 ||     2
Evoke: Wand              |     4 |       |     5 |       ||     9
  Use: Potion            |     2 |       |     4 |     2 ||     8
       Scroll            |       |       |     1 |       ||     1
  Eat: Fruit             |     3 |       |     9 |       ||    12
